 Dungeon Crawl Stone Soup version 0.28-a0-683-ga8797d1ae1 (webtiles) character file.

Game seed: 5815199736443450438

139 KoroneIsBestGirl the Skirmisher (level 5, -4/57 HPs)
             Began as an Ogre Fighter on Oct 19, 2021.
             Slain by a scorpion (6 damage)
             ... on level 4 of the Dungeon.
             The game lasted 00:03:03 (2691 turns).

KoroneIsBestGirl the Skirmisher (Ogre Fighter)      Turns: 2691, Time: 00:03:04

Health: -4/57      AC:  3    Str: 21    XL:     5   Next: 22%
Magic:  5/5        EV:  8    Int:  9    God:
Gold:   44         SH:  7    Dex:  8    Spells: 3/4 levels left

rFire   . . .      SeeInvis .   h - staff of conjuration
rCold   . . .      Faith    .   c - +0 kite shield
rNeg    . . .      Spirit   .   b - +0 robe
rPois   .          Reflect  .   (helmet restricted)
rElec   .          Harm     .   (no cloak)
rCorr   .          Rampage  .   (gloves unavailable)
Will    .....                   (boots unavailable)
Stlth   +.........              (no amulet)
HPRegen 0.19/turn               (no ring)
MPRegen 0.09/turn               (no ring)

@: mighty
A: large, unfitting armour, tough skin 1
a: no special abilities


You were on level 4 of the Dungeon.
You visited 1 branch of the dungeon, and saw 3 of its levels.

You collected 44 gold pieces.

Inventory:

Hand Weapons
 a - a +0 flail
Armour
 b - a +0 robe (worn)
 c - a +0 kite shield (worn)
Magical Staves
 h - a staff of conjuration (weapon)
Scrolls
 e - 2 scrolls of noise {unknown}
 f - a scroll of fog {unknown}
 g - a scroll of fear {unknown}
Potions
 i - a potion of heal wounds {unknown}
 j - a potion of degeneration {unknown}


   Skills:
 + Level 5.0 Fighting
 - Level 3.2 Maces & Flails
 + Level 3.3 Dodging
 - Level 3.2 Shields
 + Level 0.0 Spellcasting
 + Level 0.0 Conjurations


You had 3 spell levels left.
You knew the following spells:

 Your Spells              Type           Power      Damage    Failure   Level
a - Magic Dart            Conj           0%         1d3       80%         1

Your spell library contained the following spells:

 Spells                   Type           Power      Damage    Failure   Level
 Call Imp                 Summ           0%         N/A       91%         2
 Gell's Gravitas          Tloc           0%         N/A       99%         3
 Lesser Beckoning         Tloc           0%         N/A       99%         3
 Mephitic Cloud           Conj/Pois/Air  0%         N/A       99%         3
 Teleport Other           Tloc           0%         N/A       99%         3


Dungeon Overview and Level Annotations

Branches:
Dungeon (2/15)

Altars:


Innate Abilities, Weirdness & Mutations

You are too large for most types of armour.
You have tough skin. (AC +1)


Message History

You are too injured to fight recklessly!
You are too injured to fight recklessly!
The scorpion barely misses you. The scorpion stings you.
You are poisoned.
The scorpion poisons you!
* * * LOW HITPOINT WARNING * * *
You feel very sick.
You feel sick.
You feel sick. You block the quokka's attack.
You feel sick. The scorpion closely misses you.
You feel sick.
There is an open door here.
You feel sick.
You feel very mighty all of a sudden.
You feel sick. The kobold closely misses you.
You hit the kobold!
You kill the kobold!
You feel sick. The quokka barely misses you.
You barely miss the quokka.
You feel sick.
You are no longer poisoned.
The quokka barely misses you.
The quokka bites you but does no damage.
You hit the quokka.
The quokka is heavily wounded.
The quokka bites you.
* * * LOW HITPOINT WARNING * * *
You hit the quokka!
You kill the quokka!
You block the scorpion's attack.
Your shield prevents you from hitting the scorpion.
The scorpion is heavily wounded.
You block the scorpion's attack.
You hit the scorpion.
The scorpion is severely wounded.
You block the scorpion's attack. x2
You closely miss the scorpion.
The scorpion is severely wounded.
The scorpion stings you.
You die...

... #..# #.# #.# ...
#..# #.# #.# ... #..#
#8# #.# ... #..#######.#
... ##.........#
...###+###########.#####
...............# #.#
+##............###.#
#............s@..#
#.........(..#####
#.........[..#
#............#
#............#
#............#
#............#
#............#
##############


You could see a scorpion.

Vanquished Creatures
  An ogre (D:2)
  2 adders (D:2)
  2 dart slugs (D:1)
  3 endoplasms
  3 goblins
  4 hobgoblins
  2 jackals (D:1)
  4 kobolds
  5 quokkas
  2 ball pythons
  2 bats (D:1)
  A frilled lizard (D:1)
  3 rats
34 creatures vanquished.

Notes
Turn   | Place    | Note
-------+----------+-------------------------------------------
     0 | D:1      | KoroneIsBestGirl the Ogre Fighter began the quest for the
                  | Orb.
     0 | D:1      | Reached XP level 1. HP: 24/24 MP: 1/1
   155 | D:1      | Reached XP level 2. HP: 32/32 MP: 2/2
  1280 | D:1      | Reached XP level 3. HP: 14/40 MP: 3/3
  1284 | D:1      | HP: 2/40 [quokka (2)]
  2064 | D:2      | Noticed an ogre
  2073 | D:2      | Killed an ogre
  2074 | D:2      | Reached XP level 4. HP: 22/49 MP: 4/4
  2326 | D:2      | Reached XP level 5. HP: 44/55 MP: 5/5
  2518 | D:2      | You fall into a shaft and drop 2 floors!
  2521 | D:4      | Learned a level 1 spell: Magic Dart
  2661 | D:4      | Reached skill level 5 in Fighting
  2687 | D:4      | HP: 1/57 [quokka (4)]
  2691 | D:4      | Slain by a scorpion

Illustrated notes

Levels and vault maps discovered:
D:1:      matt_arrival_los_fun, layout_basic
D:2:      layout_rooms, uniq_natasha
D:4:      layout_basic, nicolae_qazlal_style_of_elements, chequers_jeans

Skill      XL: |  1  2  3  4  5 |
---------------+----------------+-----
Maces & Flails | 2 3 |  3.2
Shields        | 3 |  3.2
Dodging        | 3 |  3.3
Fighting       | 5 |  5.0

Action                   |  1- 3 |  4- 6 || total
-------------------------+-------+-------++-------
Melee: Flail             |    98 |    13 ||   111
       Staff             |       |    41 ||    41
  Use: Potion            |       |     1 ||     1
Armor: Robe              |    38 |    17 ||    55
Dodge: Dodged            |    49 |    17 ||    66
Block: Kite shield       |    49 |    33 ||    82

Table legend: (Time is in decaauts)
 A = Elapsed time spent in this place.
 B = Non-inter-level travel time spent in this place.
 C = Inter-level travel time spent in this place.
 D = Time resting spent in this place.
 E = Time spent auto-exploring this place.
 F = Levels seen in this place.
 G = Mean time per level.
                   A        B        C        D        E       F      G
               +--------+--------+--------+--------+--------+-----+--------+
         Total |   2757 |   2706 |     51 |    593 |   1752 |   3 |  919.0 |
       Dungeon |   2757 |   2706 |     51 |    593 |   1752 |   3 |  919.0 |
               +--------+--------+--------+--------+--------+-----+--------+

Top non-repeatable levels by time:
     D:1: 1909 daAuts
     D:2: 667 daAuts
     D:4: 180 daAuts
